 Dungeon Crawl Stone Soup version 0.29.0-4-gdea44cf6ec (webtiles) character file.

Game seed: 10984677744107093855

654 qw the Cleaver (level 7, 0/41 HPs)
             Began as a Tengu Warper on Aug 28, 2022.
             Slain by a water moccasin (2 damage)
             ... on level 5 of the Dungeon.
             The game lasted 00:00:36 (5204 turns).

qw the Cleaver (Tengu Warper)                       Turns: 5204, Time: 00:00:36

Health: 0/41       AC:  9    Str: 14    XL:     7   Next: 54%
Magic:  11/11      EV:  7    Int: 13    God:
Gold:   200        SH:  5    Dex: 13    Spells: 10/10 levels left

rFire   . . .      SeeInvis .   Y - +1 hand axe (flame)
rCold   . . .      Faith    .   (no shield)
rNeg    . . .      Spirit   .   j - +0 chain mail
rPois   .          Reflect  +   (helmet restricted)
rElec   .          Harm     .   k - +0 cloak
rCorr   .          Rampage  .   (no gloves)
Will    .....                   (boots unavailable)
Stlth   ..........              i - amulet of reflection
HPRegen 0.13/turn               (no ring)
MPRegen 0.12/turn               (no ring)

@: lethally poisoned (0 -> -12), flying quickly and evasively, quick
A: beak, talons 3, nimble flight
a: no special abilities


You were on level 5 of the Dungeon.
You visited 1 branch of the dungeon, and saw 5 of its levels.

You collected 200 gold pieces.


Innate Abilities, Weirdness & Mutations

You have a beak for a mouth.
You have claws for feet.
Your magical nature lets you fly swiftly and evasively.


   Skills:
 - Level 3.6 Fighting
 - Level 8.0 Axes
 - Level 1.0 Throwing
 + Level 2.3 Armour
 - Level 2.1 Dodging
 - Level 2.0 Spellcasting
 - Level 2.4 Translocations


You had 10 spell levels left.
You didn't know any spells.
Your spell library contained the following spells:

 Spells                   Type           Power      Damage    Failure   Level
 Blink                    Tloc           14%        N/A       98%         2
 Gell's Gravitas          Tloc           7%         N/A       100%        3
 Lesser Beckoning         Tloc           7%         N/A       100%        3
 Teleport Other           Tloc           7%         N/A       100%        3
 Manifold Assault         Tloc           7%         N/A       100%        5

Inventory:

Hand Weapons
 Y - a +1 hand axe of flaming (weapon)
Armour
 j - a +0 chain mail (worn)
 k - a +0 cloak (worn)
Jewellery
 b - a ring of ice
 i - an amulet of reflection (around neck)
Scrolls
 h - a scroll of identify
Potions
 c - a potion of haste
 e - a potion of might
 o - a potion of mutation

Dungeon Overview and Level Annotations

Branches:
Dungeon (5/15)
 Temple: D:4-7

Altars:
Elyvilon
Sif Muna
Uskayaw
Zin


Message History

The water moccasin bites you but does no damage.
You closely miss the water moccasin. Your peck misses the water moccasin.
You closely miss something. You hit the gnoll. You burn the gnoll.
The water moccasin bites you. Something hits you but does no damage.
The gnoll hits you but does no damage.
You completely miss the gnoll.
The gnoll is moderately wounded.
You closely miss something.
You hit the water moccasin but do no damage.
The water moccasin bites you.
You are lethally poisoned!
The water moccasin poisons you! The gnoll hits you but does no damage.
Something hits you but does no damage.
You closely miss the gnoll. You claw the gnoll. Your peck misses the gnoll.
The gnoll is heavily wounded.
You closely miss something. You miss the water moccasin.
You feel very sick. The water moccasin bites you.
The gnoll hits you but does no damage. Something hits you.
The water moccasin bites you.
You are more poisoned.
The water moccasin poisons you!
5202 ||| DRINKING potion of heal wounds.
You feel much better.
You feel very sick. The water moccasin bites you!
Something hits you but does no damage. The gnoll completely misses you.
You slash the gnoll! You burn the gnoll.
You kill the gnoll!
You hit something. You burn something.
Reactivating autopickup.
You feel a bit more experienced.
You hit the water moccasin. You burn the water moccasin.
You feel very sick. The water moccasin bites you!
Your Axes skill increases to level 8!
You barely miss the water moccasin.
The water moccasin is moderately wounded.
You feel very sick. The water moccasin bites you.
You die...

#.........
#.~~~~~~~~
#.~.....¤.
###.~.~~~¤~.
#...~.¤...~.
#.#.~¤¤¤_¤~.
#####.#%~¤~..¤¤.
#<....%.~¤¤¤~¤¤¤
#######)@S......
#)~~~~~~~~
#.........
##########


You could see a water moccasin.

Vanquished Creatures
  Sigmund (D:3)
  A black bear (D:4)
  A phantom (D:4)
  A hound (D:5)
  An orc priest (D:5)
  3 orc wizards
  6 gnolls
  5 adders
  A worm (D:4)
  5 dart slugs
  5 orcs
  8 ball pythons
  4 bats
  6 endoplasms
  3 giant cockroaches
  8 goblins
  7 hobgoblins
  3 jackals (D:3)
  8 kobolds
  6 quokkas
  4 frilled lizards
  8 rats
95 creatures vanquished.

Notes
Turn   | Place    | Note
-------+----------+-------------------------------------------
     0 | D:1      | qw the Tengu Warper began the quest for the Orb.
     0 | D:1      | Reached XP level 1. HP: 12/12 MP: 4/4
     0 | D:1      | 0 ||| qw: Version: 0.1-a-89-g26bdef1
     0 | D:1      | 0 ||| qw: Game counter: 1703
     0 | D:1      | 0 ||| qw: Always use a shield: true
     0 | D:1      | 0 ||| qw: God list: Okawaru
     0 | D:1      | 0 ||| qw: Allow faded altars: false
     0 | D:1      | 0 ||| qw: Do Orc after D:15 true
     0 | D:1      | 0 ||| qw: Do second Lair branch before Depths: true
     0 | D:1      | 0 ||| qw: Lair rune preference: random
     0 | D:1      | 0 ||| qw: Plans: Normal
     0 | D:1      | 0 ||| PLANNING D:1-11
    74 | D:1      | Found a faded altar of an unknown god.
    81 | D:1      | 81 ||| Stepping ~*~*~tactically~*~*~ (stealth).
    82 | D:1      | 82 ||| Stepping ~*~*~tactically~*~*~ (stealth).
    88 | D:1      | 88 ||| Stepping ~*~*~tactically~*~*~ (stealth).
   138 | D:1      | Reached XP level 2. HP: 17/17 MP: 6/6
   200 | D:1      | Reached skill level 3 in Axes
   200 | D:1      | 200 ||| Stepping ~*~*~tactically~*~*~ (stealth).
   208 | D:1      | HP: 1/17 [frozen (5)]
   794 | D:1      | 794 ||| Stepping ~*~*~tactically~*~*~ (stealth).
   802 | D:1      | 802 ||| Stepping ~*~*~tactically~*~*~ (stealth).
  1264 | D:1      | 1264 ||| UPGRADING to +0 ring mail.
  1274 | D:1      | 1274 ||| DROPPING +0 leather armour.
  1275 | D:1      | 1275 ||| UPGRADING to amulet of regeneration.
  1280 | D:1      | 1280 ||| UPGRADING to amulet of reflection.
  1290 | D:1      | 1290 ||| DROPPING amulet of regeneration.
  1291 | D:1      | 1291 ||| READING scroll labelled LYSICY QOYQE.
  1292 | D:1      | 1292 ||| READING 2 scrolls labelled QIOCVI BUNT.
  1293 | D:1      | 1293 ||| READING scroll labelled TAAVVA OSHROWKI.
  1294 | D:1      | 1294 ||| READING scroll labelled WITEKEBBYCW.
  1295 | D:1      | 1295 ||| DRINKING 2 lumpy grey potions.
  1338 | D:1      | 1338 ||| DROPPING scroll of blinking.
  1339 | D:1      | 1339 ||| DROPPING potion of lignification.
  1359 | D:2      | Reached XP level 3. HP: 19/21 MP: 7/7
  1617 | D:2      | 1617 ||| FLEEEEING.
  1618 | D:2      | 1618 ||| FLEEEEING.
  1619 | D:2      | 1619 ||| FLEEEEING.
  1620 | D:2      | 1620 ||| FLEEEEING.
  1628 | D:2      | 1628 ||| Stepping ~*~*~tactically~*~*~ (hiding).
  1630 | D:2      | 1630 ||| Stepping ~*~*~tactically~*~*~ (hiding).
  1634 | D:2      | Reached skill level 4 in Axes
  1729 | D:2      | 1729 ||| FLEEEEING.
  1737 | D:2      | Reached XP level 4. HP: 11/26 MP: 8/8
  1743 | D:2      | HP: 6/26 [poisoned by an adder]
  1756 | D:2      | Reached skill level 5 in Axes
  2011 | D:2      | 2011 ||| Stepping randomly (stuck).
  2012 | D:2      | 2012 ||| Stepping randomly (stuck).
  2198 | D:2      | 2198 ||| Stepping ~*~*~tactically~*~*~ (stealth).
  2520 | D:2      | 2520 ||| UPGRADING to +0 cloak.
  2525 | D:2      | 2525 ||| READING scroll labelled SAK MUESIENLAJ.
  2530 | D:2      | 2530 ||| READING 2 scrolls labelled IWNUSCHICHARCH.
  2531 | D:2      | 2531 ||| DRINKING 3 grey potions.
  2532 | D:2      | 2532 ||| DRINKING 2 orange potions.
  2533 | D:2      | 2533 ||| READING 4 scrolls of identify.
  2533 | D:2      | 2533 ||| IDENTIFYING lumpy clear potion
  2534 | D:2      | 2534 ||| READING 3 scrolls of identify.
  2534 | D:2      | 2534 ||| IDENTIFYING purple potion
  2535 | D:2      | 2535 ||| READING 2 scrolls of identify.
  2535 | D:2      | 2535 ||| IDENTIFYING coppery potion
  2536 | D:2      | 2536 ||| DROPPING 2 potions of brilliance.
  2537 | D:2      | 2537 ||| DROPPING scroll of noise.
  2538 | D:2      | 2538 ||| DROPPING potion of attraction.
  2539 | D:2      | 2539 ||| DROPPING potion of invisibility.
  2568 | D:3      | Noticed Sigmund
  2580 | D:3      | HP: 6/26 [Sigmund/puff of flame (2)]
  2582 | D:3      | Killed Sigmund
  2583 | D:3      | Reached skill level 6 in Axes
  2583 | D:3      | Gained mutation: Your magical nature lets you fly swiftly
                  | and evasively. [Tengu growth]
  2583 | D:3      | Reached XP level 5. HP: 7/30 MP: 9/9
  2583 | D:3      | Reached XP level 6. HP: 9/35 MP: 10/10
  2837 | D:3      | 2837 ||| SWAPPING to +1 hand axe of flaming.
  2838 | D:3      | 2838 ||| DROPPING +0 club.
  2839 | D:3      | 2839 ||| DROPPING +0 vorpal hand axe.
  3027 | D:3      | 3027 ||| Stepping ~*~*~tactically~*~*~ (stealth).
  3676 | D:3      | Found a white marble altar of Elyvilon.
  3852 | D:3      | 3852 ||| UPGRADING to +0 chain mail.
  3862 | D:3      | 3862 ||| DROPPING +0 ring mail.
  3863 | D:3      | 3863 ||| DROPPING orb of guile.
  3864 | D:3      | 3864 ||| READING scroll labelled PAN JOAGETACA.
  3865 | D:3      | 3865 ||| READING 2 scrolls labelled PIPSOCL ZAST.
  3866 | D:3      | 3866 ||| READING 2 scrolls of identify.
  3866 | D:3      | 3866 ||| IDENTIFYING green potion
  3867 | D:3      | 3867 ||| DROPPING scroll of immolation.
  3932 | D:4      | HP: 4/35 [gnoll/+0 flail (10)]
  3933 | D:4      | 3933 ||| READING scroll of teleportation.
  3934 | D:4      | HP: 1/35 [gnoll/+0 spear (4)]
  4262 | D:4      | Found a shimmering blue altar of Sif Muna.
  4293 | D:4      | Found a glowing silver altar of Zin.
  4369 | D:4      | 4369 ||| Stepping ~*~*~tactically~*~*~ (hiding).
  4370 | D:4      | 4370 ||| Stepping ~*~*~tactically~*~*~ (hiding).
  4379 | D:4      | Reached skill level 7 in Axes
  4387 | D:4      | HP: 9/36 [iguana (4)]
  4388 | D:4      | 4388 ||| READING scroll of teleportation.
  4883 | D:4      | Noticed a black bear
  4892 | D:4      | Killed a black bear
  4893 | D:4      | Reached skill level 3 in Fighting
  4893 | D:4      | Reached XP level 7. HP: 41/41 MP: 11/11
  5069 | D:4      | 5069 ||| READING 4 scrolls of identify.
  5069 | D:4      | 5069 ||| IDENTIFYING pink potion
  5070 | D:4      | 5070 ||| READING 3 scrolls of identify.
  5070 | D:4      | 5070 ||| IDENTIFYING red potion
  5071 | D:4      | 5071 ||| READING 2 scrolls of identify.
  5071 | D:4      | 5071 ||| IDENTIFYING fuming red potion
  5072 | D:4      | 5072 ||| DROPPING potion of magic.
  5082 | D:5      | Entered Level 5 of the Dungeon
  5086 | D:5      | Found a hide-covered altar of Uskayaw.
  5097 | D:5      | 5097 ||| FLEEEEING.
  5098 | D:5      | 5098 ||| FLEEEEING.
  5099 | D:5      | 5099 ||| FLEEEEING.
  5101 | D:5      | 5101 ||| FLEEEEING.
  5102 | D:5      | 5102 ||| FLEEEEING.
  5103 | D:5      | 5103 ||| FLEEEEING.
  5104 | D:5      | 5104 ||| STAIRDANCE
  5187 | D:5      | 5187 ||| DRINKING 2 potions of curing.
  5187 | D:5      | 5187 ||| (to cure confusion)
  5190 | D:5      | 5190 ||| DRINKING potion of curing.
  5190 | D:5      | 5190 ||| (to cure confusion)
  5201 | D:5      | HP: 9/41 [water moccasin (2)]
  5201 | D:5      | HP: 4/41 [water moccasin (2)]
  5202 | D:5      | 5202 ||| DRINKING potion of heal wounds.
  5204 | D:5      | Reached skill level 8 in Axes
  5204 | D:5      | Slain by a water moccasin

Levels and vault maps discovered:
D:1:      nzn_arrival_settlement, layout_loops_corners,
          hellmonk_ecumenical_altar_run_dry, minmay_split_cup_small
D:2:      layout_basic, minmay_joined_circles
D:3:      layout_basic, mainiacjoe_overflow_cross_hatched, uniq_sigmund
D:4:      layout_loops_cross, mainiacjoe_overflow_catwalk_spiral,
          minmay_misc_feat_five
D:5:      layout_basic, mainiacjoe_overflow_concentric_impassable,
          nicolae_overflow_hidden_temple, minmay_temple_entry_offerings,
          minmay_hollow_rounded_squares

Skill      XL: |  1  2  3  4  5  6  7 |
---------------+----------------------+-----
Axes           | 3 4 6 7 8 |  8.0
Armour         | 2 |  2.3
Fighting       | 3 |  3.6
Throwing       | |  1.0
Dodging        | |  2.1
Spellcasting   | |  2.0
Translocations | |  2.4

Action                   |  1- 3 |  4- 6 |  7- 9 || total
-------------------------+-------+-------+-------++-------
Melee: Hand axe          |    69 |   125 |    38 ||   232
       Kick              |    12 |    41 |     6 ||    59
       Peck              |     7 |    20 |     6 ||    33
       Punch             |       |     3 |       ||     3
Throw: Boomerang         |     7 |       |       ||     7
  Use: Scroll            |     4 |    10 |     3 ||    17
       Potion            |     1 |     2 |     3 ||     6
Armor: Leather armour    |     9 |       |       ||     9
       Ring mail         |    10 |    16 |       ||    26
       Chain mail        |       |    24 |    29 ||    53
Dodge: Dodged            |    32 |    47 |    11 ||    90
Block: Other             |     6 |    20 |     2 ||    28
       Reflection        |       |     1 |     1 ||     2

Table legend:
 A = Non-vault XP
 B = Vault XP
 C = Vault XP percentage of total XP
 D = Non-vault monster count
 E = Vault monster count
 F = Vault count percentage of total count
                 A         B        C        D         E       F
            +---------+---------+-------+---------+---------+-------
      Total |     641 |     294 |  31.4 |      77 |      18 |  18.9
            +---------+---------+-------+---------+---------+-------
        D:1 |      25 |       5 |  16.7 |      15 |       3 |  16.7
        D:2 |      27 |      75 |  73.5 |      14 |      14 |  50.0
        D:3 |      29 |     214 |  88.1 |      17 |       1 |   5.6
        D:4 |     390 |       0 |   0.0 |      22 |       0 |   0.0
        D:5 |     170 |       0 |   0.0 |       9 |       0 |   0.0
            +---------+---------+-------+---------+---------+-------
